 Dungeon Crawl Stone Soup version 0.32-a0-131-g9dbbe29261 (webtiles) character file.

Game seed: 6146528104016998963

65 CougarLife the Shield-Bearer (level 4, -2/41 HPs)
             Began as a Gnoll Fighter on Feb 8, 2024.
             Succumbed to an orc's poison
             ... on level 3 of the Dungeon.
             The game lasted 00:01:07 (1144 turns).

CougarLife the Shield-Bearer (Gnoll Fighter)        Turns: 1144, Time: 00:01:08

Health: -2/41      AC:  7    Str: 17    XL:     4   Next: 13%
Magic:  5/5        EV:  9    Int:  8    God:
Gold:   137        SH:  5    Dex: 11    Spells: 5/5 levels left

rFire   . . .        a - +0 trident
rCold   . . .        c - +0 buckler
rNeg    . . .        b - +0 scale mail
rPois   .            (no helmet)
rElec   .            (no cloak)
rCorr   .            (no gloves)
SInv    .            (no boots)
Will    .....        (no amulet) Stlth
                     (no ring)
HPRegen 0.26/turn    (no ring)
MPRegen 0.09/turn

%: no passive effects
@: lethally poisoned (-2 -> -14)
A: fangs 1, strong nose, distributed training
a: no special abilities


You were on level 3 of the Dungeon.
You visited 1 branch of the dungeon, and saw 4 of its levels.

You collected 137 gold pieces.

Inventory:

Hand Weapons
 a - a +0 trident (weapon)
Armour
 b - a +0 scale mail (worn)
 c - a +0 buckler (worn)
Scrolls
 g - a scroll of poison {unknown}
 j - a scroll of blinking {unknown}
 k - a scroll of teleportation {unknown}
 m - 2 scrolls of identify {unknown}
 n - a scroll of brand weapon {unknown}
Potions
 d - a potion of might
 e - a potion of mutation {unknown}
 f - a potion of lignification {unknown}
 h - a potion of heal wounds {unknown}
 i - a potion of berserk rage {unknown}
 l - a potion of haste {unknown}


   Skills:
 + Level 6.6 Fighting
 + Level 1.1 Short Blades
 + Level 1.1 Long Blades
 + Level 1.1 Axes
 + Level 1.1 Maces & Flails
 + Level 4.6 Polearms
 + Level 1.1 Staves
 + Level 1.1 Ranged Weapons
 + Level 1.1 Throwing
 + Level 6.6 Armour
 + Level 1.1 Dodging
 + Level 1.1 Stealth
 + Level 6.6 Shields
 + Level 1.1 Unarmed Combat
 + Level 1.1 Spellcasting
 + Level 0.8 Conjurations
 + Level 0.8 Hexes
 + Level 0.8 Summonings
 + Level 0.8 Necromancy
 + Level 0.8 Translocations
 + Level 0.8 Fire Magic
 + Level 0.8 Ice Magic
 + Level 0.8 Air Magic
 + Level 0.8 Earth Magic
 + Level 0.8 Alchemy
 + Level 1.2 Invocations
 + Level 1.1 Evocations
 + Level 1.0 Shapeshifting


You had 5 spell levels left.
You didn't know any spells.
Your spell library contained the following spells:

 Spells                   Type           Power      Damage    Failure   Level
 Call Canine Familiar     Summ           1%         N/A       97%         3
 Sigil of Binding         Hex            1%         N/A       97%         3
 Dimensional Bullseye     Hex/Tloc       0%         N/A       100%        4


Dungeon Overview and Level Annotations

Branches:
Dungeon (4/15)
 Temple: D:4-7

Altars:

Shops:
D:2 (


Innate Abilities, Weirdness & Mutations

You have very sharp teeth.
Your uncanny sense of smell can sniff out nearby items.
Your experience applies equally to all skills.


Message History

The adder hisses angrily.
You reach to attack!
You hit the orc.
The orc is moderately wounded.
You closely miss the orc. You bite the orc.
The orc is heavily wounded.
The orc hits you with a +0 dagger of venom.
You are poisoned.
You completely miss the orc.
The orc is heavily wounded.
You feel very sick.
The orc hits you with a +0 dagger of venom.
You are more poisoned.
The adder bites you but does no damage. The orc hits you but does no damage.
You are more poisoned.
You closely miss the orc.
The orc is heavily wounded.
You feel very sick. The adder bites you.
The orc hits you with a +0 dagger of venom.
You are lethally poisoned!
The adder barely misses you.
You barely miss the orc.
The orc is heavily wounded.
You feel extremely sick. The adder closely misses you.
The orc hits you with a +0 dagger of venom.
You are more poisoned.
You are too injured to fight recklessly!
* * * LOW HITPOINT WARNING * * *
You feel very sick. The adder attacks as it pursues you!
You block the adder's attack.
* * * LOW HITPOINT WARNING * * *
You feel very sick. The adder bites you but does no damage.
You miss the adder.
* * * LOW HITPOINT WARNING * * *
You feel very sick. The adder bites you but does no damage.
You barely miss the adder.
You die...

######### #........
#!....... . #!.......
#. #........ ..####
#........ ...#
#........
##.#####......$. ##.
#.....@So.......
.....#.)...##........
#.....>†.###........
###......# ##...####
#...#.### .###
.....##.# ## ..##.
#.# # # #.# #.#


You could see an adder and an orc.

Vanquished Creatures
  4 adders
  A ball python (D:2)
  An endoplasm (D:2)
  A giant cockroach (D:2)
  5 goblins
  4 hobgoblins
  2 quokkas
  3 bats (D:2)
  A frilled lizard (D:1)
  3 kobolds (D:1)
  4 rats
29 creatures vanquished.

Notes
Turn   | Place    | Note
-------+----------+-------------------------------------------
     0 | D:1      | CougarLife the Gnoll Fighter began the quest for the Orb.
     0 | D:1      | Reached XP level 1. HP: 23/23 MP: 1/1
   256 | D:1      | Reached XP level 2. HP: 29/29 MP: 2/2
   729 | D:2      | Reached XP level 3. HP: 35/35 MP: 2/4
   755 | D:2      | Found Famodis's Weapon Boutique.
   813 | D:2      | Reached skill level 1 in Invocations
  1016 | D:2      | Reached skill level 1 in Short Blades
  1016 | D:2      | Reached skill level 1 in Long Blades
  1016 | D:2      | Reached skill level 1 in Axes
  1016 | D:2      | Reached skill level 1 in Maces & Flails
  1016 | D:2      | Reached skill level 1 in Staves
  1016 | D:2      | Reached skill level 1 in Ranged Weapons
  1016 | D:2      | Reached skill level 1 in Throwing
  1016 | D:2      | Reached skill level 1 in Dodging
  1016 | D:2      | Reached skill level 1 in Stealth
  1016 | D:2      | Reached skill level 1 in Unarmed Combat
  1016 | D:2      | Reached skill level 1 in Spellcasting
  1016 | D:2      | Reached skill level 1 in Evocations
  1030 | D:2      | You fall into a shaft and drop 2 floors!
  1129 | D:3      | Reached skill level 1 in Shapeshifting
  1129 | D:3      | Reached XP level 4. HP: 41/41 MP: 5/5
  1143 | D:3      | HP: 1/41 [poisoned by an orc]
  1144 | D:3      | Succumbed to an orc's poison

Illustrated notes

Levels and vault maps discovered:
D:1:      lordsloth_arrival_two_stooges, layout_basic
D:2:      kennysheep_the_goblin_king, layout_basic, serial_shops, shop
D:3:      layout_rooms, minmay_misc_feat_more_columns
D:4:      layout_cave_pools, grunt_dithmenos_smoke_and_mirrors, serial_shops,
          shop_coins

Skill      XL: |  1  2  3 |
---------------+----------+-----
Invocations    | 1 |  1.2
Short Blades   | 1 |  1.1
Long Blades    | 1 |  1.1
Axes           | 1 |  1.1
Maces & Flails | 1 |  1.1
Staves         | 1 |  1.1
Ranged Weapons | 1 |  1.1
Throwing       | 1 |  1.1
Dodging        | 1 |  1.1
Stealth        | 1 |  1.1
Unarmed Combat | 1 |  1.1
Spellcasting   | 1 |  1.1
Evocations     | 1 |  1.1
Shapeshifting  | 1 |  1.0
Fighting       | |  6.6
Polearms       | |  4.6
Armour         | |  6.6
Shields        | |  6.6
Conjurations   | |  0.8
Hexes          | |  0.8
Summonings     | |  0.8
Necromancy     | |  0.8
Translocations | |  0.8
Fire Magic     | |  0.8
Ice Magic      | |  0.8
Air Magic      | |  0.8
Earth Magic    | |  0.8
Alchemy        | |  0.8

Action                     |  1- 3 |  4- 6 || total
---------------------------+-------+-------++-------
  Melee: Trident           |    98 |     7 ||   105
         Bite              |     5 |     1 ||     6
 Armour: Scale mail        |    50 |     9 ||    59
  Dodge: Dodged            |    30 |     2 ||    32
  Block: Buckler           |    17 |     1 ||    18

Table legend: (Time is in decaauts)
 A = Elapsed time spent in this place.
 B = Non-inter-level travel time spent in this place.
 C = Inter-level travel time spent in this place.
 D = Time resting spent in this place.
 E = Time spent auto-exploring this place.
 F = Levels seen in this place.
 G = Mean time per level.
                   A        B        C        D        E       F      G
               +--------+--------+--------+--------+--------+-----+--------+
         Total |   1154 |   1149 |      5 |     76 |    866 |   4 |  288.5 |
       Dungeon |   1154 |   1149 |      5 |     76 |    866 |   4 |  288.5 |
               +--------+--------+--------+--------+--------+-----+--------+

Top non-repeatable levels by time:
     D:1: 628 daAuts
     D:2: 409 daAuts
     D:4: 89 daAuts
     D:3: 26 daAuts
